 Dungeon Crawl Stone Soup version 0.29-a0-653-gd47aff6735 (webtiles) character file.

Game seed: 16376349554429759897

5438 testman the Tainter (level 10, -2/77 HPs)
             Began as a Demonspawn Venom Mage on June 16, 2022.
             Was a High Priest of Dithmenos.
             Slain by a vampire (8 damage)
             ... on level 9 of the Dungeon on June 21, 2022.
             The game lasted 00:46:45 (11147 turns).

testman the Tainter (Demonspawn Venom Mage)        Turns: 11147, Time: 00:46:46

Health: -2/77      AC: 14    Str:  8    XL:     10   Next: 41%
Magic:  19/19      EV: 11    Int: 25    God:    Dithmenos [*****.]
Gold:   545        SH:  0    Dex: 13    Spells: 5/22 levels left

rFire   . . .      SeeInvis .   E - +1 dagger (flame)
rCold   + + +      Faith    .   (no shield)
rNeg    . . .      Spirit   .   n - +3 leather armour
rPois   .          Reflect  .   F - +2 helmet of Pesh {rC+++ rCorr Int+3}
rElec   .          Harm     .   w - +2 cloak
rCorr   +          Rampage  .   (gloves unavailable)
Will    .....                   (no boots)
Stlth   ++........              (no amulet)
HPRegen 0.22/turn               G - ring of wizardry
MPRegen 0.16/turn               (no ring)

@: confused, mighty, wreathed by umbra
A: rugged brown scales 2, condensation shield, demonic touch 3
a: Renounce Religion, Shadow Step, Shadow Form


You were on level 9 of the Dungeon.
You worshipped Dithmenos.
Dithmenos was extremely pleased with you.
You visited 1 branch of the dungeon, and saw 9 of its levels.
You also visited: Ossuary.

You collected 545 gold pieces.

Inventory:

Hand Weapons
 E - a +1 dagger of flaming (weapon)
Missiles
 h - 6 silver javelins
 p - 28 poisoned darts
 u - a throwing net
 I - 8 boomerangs
Armour
 d - a scarf of harm
 n - a +3 leather armour (worn)
 w - a +2 cloak (worn)
 F - the +2 helmet of Pesh (worn) {rC+++ rCorr Int+3}
   (You found it on level 5 of the Dungeon)

   Int:       It affects your intelligence (+3).
   rC:        It renders you almost immune to cold.
   rCorr:     It protects you from acid and corrosion.
Jewellery
 G - a ring of wizardry (left hand)
Wands
 f - a wand of mindburst (13)
 y - a wand of flame (16)
 H - a wand of polymorph (11)
Scrolls
 a - a scroll of identify
 c - a scroll of immolation
 e - 3 scrolls of magic mapping
 i - a scroll of blinking {unknown}
 q - 3 scrolls of enchant weapon
 r - 2 scrolls of fog {unknown}
 t - a scroll of silence {unknown}
 v - 2 scrolls of summoning {unknown}
 D - a scroll of vulnerability {unknown}
 J - 2 scrolls of amnesia {unknown}
 N - 4 scrolls of teleportation
Potions
 b - a potion of magic
 g - 14 potions of curing
 o - 3 potions of flight
 s - a potion of berserk rage
 x - 2 potions of attraction
 z - a potion of might
 A - a potion of brilliance
 B - 3 potions of lignification
 C - 3 potions of invisibility
 L - a potion of haste {unknown}
 M - 2 potions of degeneration {unknown}


   Skills:
 + Level 5.3 Fighting
 + Level 4.9 Short Blades
 - Level 1.7 Dodging
 + Level 5.8 Stealth
 + Level 6.5 Spellcasting
 - Level 3.0 Conjurations
 + Level 0.5 Hexes
 - Level 1.0 Transmutations
 + Level 0.6 Ice Magic
 + Level 3.7 Air Magic
 - Level 9.0 Poison Magic


You had 5 spell levels left.
You knew the following spells:

 Your Spells              Type           Power      Damage    Failure   Level
a - Sting                 Tmut/Pois      100%       1d8       1%          1
b - Poisonous Vapours     Pois/Air       80%        N/A       1%          2
c - Mephitic Cloud        Conj/Pois/Air  34%        N/A       1%          3
d - Olgreb's Toxic Radia  Pois           52%        N/A       1%          4
e - Passwall              Tmut/Erth      8%         N/A       5%          2
f - Swiftness             Air            27%        N/A       2%          3
g - Ensorcelled Hibernat  Hex/Ice        22%        N/A       4%          2

Your spell library contained the following spells:

 Spells                   Type           Power      Damage    Failure   Level
 Slow                     Hex            40%        N/A       3%          1
 Sandblast                Erth           16%        2d6       4%          1
 Stone Arrow              Conj/Erth      30%        3d8       7%          3
 Confusing Touch          Hex            10%        N/A       11%         3
 Gell's Gravitas          Tloc           8%         N/A       12%         3
 Lesser Beckoning         Tloc           8%         N/A       12%         3
 Teleport Other           Tloc           8%         N/A       12%         3
 Vampiric Draining        Necr           8%         2d6       12%         3


Dungeon Overview and Level Annotations

Branches:
Dungeon (9/15)             Temple (0/1) D:7         Ossuary (visited)
   Lair: D:8-11         Orc: D:9-12

Altars:
Ashenzari
Dithmenos
Ru


Innate Abilities, Weirdness & Mutations

You are mostly covered in rugged brown scales. (AC +2, +5% HP)
A meltable shield of frost defends you. (SH +4)
Your touch may irresistibly damage your foes and sap their willpower.


Message History

You bump into the rock wall.
Something hits you. Something bites you!
Something draws strength from your injuries!
You miss something. Your touch misses something. Something hits you.
* * * LOW HITPOINT WARNING * * *
Something bites you!
* * * LOW HITPOINT WARNING * * *
Something draws strength from your injuries!
You hit something but do no damage.
You flicker for a moment.
You bump into the rock wall.
Something hits you but does no damage. Something bites you but does no damage.
You miss something. Something hits you.
* * * LOW HITPOINT WARNING * * *
Something bites you!
* * * LOW HITPOINT WARNING * * *
Something draws strength from your injuries!
You are more confused.
You feel invigorated. Something hits you but does no damage.
Something bites you.
* * * LOW HITPOINT WARNING * * *
Something draws strength from your injuries!
You bump into the rock wall.
Something hits you.
* * * LOW HITPOINT WARNING * * *
Something bites you.
* * * LOW HITPOINT WARNING * * *
Something draws strength from your injuries!
You bump into the rock wall.
You hear some strange, mumbled words.
Something tries to affect you, but you resist.
You feel less invigorated.
You hear some strange, mumbled words.
You are more confused.
You flicker back into view.
You hear some strange, mumbled words.
Something tries to affect you, but you resist.
You feel very mighty all of a sudden. Something hits you!
* * * LOW HITPOINT WARNING * * *
Something bites you!
You die...

####.#
#.# #.#
#.#####
#..(..#
#####.#
#.# #.#
#@# #{#
...
##.##
#.# #.#
#.# #.#


There were no monsters in sight!

Vanquished Creatures
  The ghost of elan the Insei, a novice OpTm (D:4)
  A wyvern (D:9)
  A steam dragon (D:8)
  Grum (D:8)
  Duvessa (D:4)
  2 orc warriors
  2 sky beasts (D:7)
  An ice beast (D:8)
  2 black bears (D:7)
  4 ogres
  4 wolves (D:8)
  2 phantoms
  2 kobold brigands
  2 elf zombies
  2 elf skeletons (D:8)
  3 bullfrogs
  2 gnoll sergeants
  A necrophage (D:5)
  2 scorpions
  14 wights
  Dowan (D:4)
  6 killer bees (D:8)
  2 centaur zombies (Ossuary)
  3 hounds
  3 gnoll shamans
  2 orc priests
  3 human skeletons (D:8)
  3 iguanas
  5 orc wizards
  Natasha (twice) (D:2)
  3 ogre zombies (Ossuary)
  7 mummies (Ossuary)
  22 gnolls
  12 adders
  3 shadow imps
  2 ufetubi
  3 adder zombies (Ossuary)
  32 orcs
  9 ball pythons
  4 bats
  7 endoplasms
  3 giant cockroaches
  A gnoll zombie (Ossuary)
  3 goblins
  4 hobgoblins
  6 jackals
  13 kobolds
  4 quokkas
  3 frilled lizards
  2 goblin zombies (Ossuary)
  4 hobgoblin zombies (Ossuary)
  2 kobold zombies (Ossuary)
  4 orc skeletons (D:8)
  2 orc zombies
  6 quokka zombies (Ossuary)
  7 rats
  5 rat zombies (Ossuary)
253 creatures vanquished.

Notes
Turn   | Place    | Note
-------+----------+-------------------------------------------
     0 | D:1      | testman the Demonspawn Venom Mage began the quest for the
                  | Orb.
     0 | D:1      | Reached XP level 1. HP: 13/13 MP: 3/3
    82 | D:1      | Reached skill level 1 in Transmutations
   468 | D:1      | Gained mutation: Your touch may inflict minor irresistible
                  | damage on your foes. [demonic ancestry]
   468 | D:1      | Reached XP level 2. HP: 19/19 MP: 1/5
  1349 | D:2      | Gained mutation: You are partially covered in rugged brown
                  | scales. (AC +1, +3% HP) [demonic ancestry]
  1349 | D:2      | Reached XP level 3. HP: 19/24 MP: 7/7
  1775 | D:2      | Noticed Natasha
  1782 | D:2      | Killed Natasha
  1783 | D:2      | Reached skill level 4 in Poison Magic
  1783 | D:2      | Reached XP level 4. HP: 23/30 MP: 5/8
  1786 | D:2      | Learned a level 2 spell: Poisonous Vapours
  1790 | D:2      | Learned a level 3 spell: Mephitic Cloud
  2249 | D:2      | Noticed Natasha
  2266 | D:2      | Killed Natasha
  2267 | D:2      | Reached skill level 1 in Conjurations
  2538 | D:2      | Reached skill level 1 in Air Magic
  2736 | D:3      | Reached XP level 5. HP: 25/36 MP: 4/9
  2741 | D:3      | Learned a level 4 spell: Olgreb's Toxic Radiance
  2919 | D:3      | Found a faded altar of an unknown god.
  2927 | D:3      | Prayed at the altar of an unknown god.
  2927 | D:3      | Became a worshipper of Dithmenos the Shadowed
  2927 | D:3      | Reached * piety under Dithmenos
  3002 | D:3      | Found a broken altar of Ashenzari.
  3568 | D:4      | Reached XP level 6. HP: 42/42 MP: 8/11
  3958 | D:4      | You fall into a shaft and drop 1 floor!
  3958 | D:5      | Entered Level 5 of the Dungeon
  4016 | D:5      | Reached ** piety under Dithmenos
  4020 | D:5      | Reached skill level 5 in Poison Magic
  4216 | D:4      | Found a runed translucent door.
  4240 | D:4      | Noticed an orc warrior
  4240 | D:4      | Noticed elan's ghost (novice OpTm)
  4244 | D:4      | Noticed Duvessa
  4244 | D:4      | Noticed Dowan
  4259 | D:4      | Killed Duvessa
  4260 | D:4      | Gained mutation: You are mostly covered in rugged brown
                  | scales. (AC +2, +5% HP) [demonic ancestry]
  4260 | D:4      | Reached XP level 7. HP: 25/48 MP: 10/13
  4273 | D:4      | Killed Dowan
  4747 | D:4      | Killed elan's ghost
  4748 | D:4      | Reached skill level 5 in Spellcasting
  4748 | D:4      | Reached skill level 6 in Poison Magic
  5057 | D:5      | Gained mutation: A meltable shield of frost defends you.
                  | (SH +4) [demonic ancestry]
  5057 | D:5      | Reached XP level 8. HP: 51/54 MP: 14/16
  6064 | D:5      | Reached skill level 7 in Poison Magic
  6067 | D:5      | Identified the +2 helmet of Pesh {rC+++ rCorr Int+3}
  6277 | D:6      | Reached skill level 1 in Fighting
  6284 | D:6      | Reached skill level 1 in Short Blades
  6885 | D:6      | Found a sacrificial altar of Ru.
  7199 | D:6      | Reached *** piety under Dithmenos
  7210 | D:6      | Gained mutation: Your touch may inflict irresistible damage
                  | on your foes. [demonic ancestry]
  7210 | D:6      | Reached XP level 9. HP: 29/65 MP: 11/18
  7915 | D:7      | Upgraded the game from 0.29-a0-613-gf2c431b9b9 to
                  | 0.29-a0-653-gd47aff6735
  8004 | D:7      | Reached skill level 8 in Poison Magic
  8245 | D:7      | Found a staircase to the Ecumenical Temple.
  9150 | D:8      | Noticed Grum
  9164 | D:8      | Killed Grum
  9165 | D:8      | Reached skill level 5 in Stealth
  9169 | D:8      | Learned a level 2 spell: Passwall
  9231 | D:8      | Found a sand-covered staircase.
  9243 | Ossuary  | Entered an ossuary
  9561 | Ossuary  | Reached **** piety under Dithmenos
  9955 | D:8      | Learned a level 3 spell: Swiftness
  9976 | D:8      | Gained mutation: Your touch may irresistibly damage your
                  | foes and sap their willpower. [demonic ancestry]
  9976 | D:8      | Reached XP level 10. HP: 72/76 MP: 19/19
 10284 | D:8      | Reached skill level 5 in Fighting
 10286 | D:8      | Reached ***** piety under Dithmenos
 10291 | D:8      | Reached skill level 9 in Poison Magic
 10788 | D:8      | Learned a level 2 spell: Ensorcelled Hibernation
 11147 | D:9      | Slain by a vampire

Illustrated notes

Levels and vault maps discovered:
D:1:      beargit_arrival_diablo_church, layout_basic
D:2:      layout_basic, roderic_lattice_a, hangedman_decor_riveting,
          minmay_puff, uniq_natasha
D:3:      layout_basic, evilmike_ruin_ashenzari,
          hellmonk_ecumenical_altar_arch_garden
D:4:      layout_cave_pools, ebering_ghost_inner_flame, minmay_misc_feat_rugged,
          uniq_duvessa
D:5:      layout_layer_cave
D:6:      layout_loops_ring, nicolae_ru_great_annihilating_truth,
          dk_noncrumbling_3
D:7:      layout_basic, temple_statues
D:8:      layout_basic, nicolae_ossuary_entry_catacombs, grunt_ministairs_3,
          uniq_grum
D:9:      layout_loops_ring

Skill      XL: |  1  2  3  4  5  6  7  8  9 10 |
---------------+-------------------------------+-----
Transmutations | 1 |  1.0
Spellcasting   | 3 4 5 6 |  6.5
Poison Magic   | 4 5 6 7 8 9 |  9.0
Conjurations   | 1 2 3 |  3.0
Air Magic      | 1 2 3 |  3.7
Stealth        | 3 5 |  5.8
Fighting       | 2 4 5 |  5.3
Short Blades   | 2 4 |  4.9
Dodging        | |  1.7
Hexes          | |  0.5
Ice Magic      | |  0.6

Action                   |  1- 3 |  4- 6 |  7- 9 | 10-12 || total
-------------------------+-------+-------+-------+-------++-------
Melee: Unarmed           |    27 |       |       |       ||    27
       Dagger            |    32 |   141 |   461 |   120 ||   754
       Touch             |    12 |    25 |    92 |    28 ||   157
       Punch             |       |     3 |     7 |     1 ||    11
 Cast: Sting             |    19 |    28 |    14 |     1 ||    62
       Poisonous Vapours |       |     3 |     3 |       ||     6
       Mephitic Cloud    |       |     2 |     8 |     4 ||    14
       Olgreb's Toxic Ra |       |       |     9 |     5 ||    14
  Use: Scroll            |       |       |    14 |     3 ||    17
       Potion            |       |       |     2 |     4 ||     6
 Stab: Sleeping          |     4 |     4 |    31 |     3 ||    42
       Confused          |       |     1 |     6 |     2 ||     9
       Paralysed         |       |       |     1 |       ||     1
       Distracted        |       |       |     1 |       ||     1
       Invisible         |       |       |       |     1 ||     1
Armor: Robe              |    16 |       |       |       ||    16
       Leather armour    |       |    38 |   136 |    34 ||   208
Dodge: Dodged            |    44 |    72 |   173 |    43 ||   332
Block: Other             |       |       |    51 |     8 ||    59

Table legend: (Time is in decaauts)
 A = Elapsed time spent in this place.
 B = Non-inter-level travel time spent in this place.
 C = Inter-level travel time spent in this place.
 D = Time resting spent in this place.
 E = Time spent auto-exploring this place.
 F = Levels seen in this place.
 G = Mean time per level.
                   A        B        C        D        E       F      G
               +--------+--------+--------+--------+--------+-----+--------+
         Total |  11067 |  10802 |    265 |    233 |   8462 |  10 | 1106.7 |
       Dungeon |  10388 |  10123 |    265 |    230 |   7990 |   9 | 1154.2 |
       Ossuary |    678 |    678 |      0 |      3 |    472 |   1 |  678.0 |
               +--------+--------+--------+--------+--------+-----+--------+

Top non-repeatable levels by time:
     D:6: 1513 daAuts
     D:2: 1468 daAuts
     D:4: 1352 daAuts
     D:5: 1342 daAuts
     D:7: 1338 daAuts
     D:1: 1220 daAuts
     D:8: 1064 daAuts
     D:3: 872 daAuts
 Ossuary: 678 daAuts
     D:9: 215 daAuts
